SL
NEW ORLEANS VOODOO @ NEW AMSTERDAM DUTCHMEN
06/21/2034
 
TOP OF THE 1ST
New Orleans Voodoo batting - Pitching for New Amsterdam Dutchmen : RHP Luis Hernández
Pitching: RHP Luis Hernández
Batting: RHB Denis Higgins 0-0: Ball
1-0: Ball
2-0: Ball
3-0: Base on Balls
Batting: RHB Griffin Woodfinlevine 0-0: Called Strike
0-1: Ball
1-1: Grounds into double play, 6-4-3 (Groundball, 6)
Batting: LHB Chris McKinney 0-0: Swinging Strike
0-1: SINGLE (Line Drive, 89S)
Batting: RHB Gilberto Juárez 0-0: Ball
1-0: Foul Ball, location: 2F
1-1: Ball
2-1: Foul Ball, location: 2F
2-2: Ball
3-2: Foul Ball, location: 2F
3-2: Base on Balls
Chris McKinney to second
Batting: RHB Eikki Kankaanperä 0-0: Swinging Strike
0-1: Fly out, F7 (Flyball, 7LSF)
Top of the 1st over - 0 runs, 1 hit, 0 errors, 2 left on base; New Orleans 0 - New Amsterdam 0
BOTTOM OF THE 1ST
New Amsterdam Dutchmen batting - Pitching for New Orleans Voodoo : RHP Rémi Ribeiro
Pitching: RHP Rémi Ribeiro
Batting: LHB Carlos Campos 0-0: Ball
1-0: Foul Ball, location: 2F
1-1: Foul Ball, location: 2F
1-2: Foul Ball, location: 2F
1-2: Foul Ball, location: 2F
1-2: Ball
2-2: Ball
3-2: Foul Ball, location: 2F
3-2: Fly out, F5 (Flyball, 5D)
Batting: LHB SaQwan Hackett 0-0: Ball
1-0: Fly out, F9 (Flyball, 9)
Batting: LHB Divine Diablo 0-0: Ball
1-0: Ball
2-0: Swinging Strike
2-1: Foul Ball, location: 2F
2-2: Strikes out swinging
Bottom of the 1st over - 0 runs, 0 hits, 0 errors, 0 left on base; New Orleans 0 - New Amsterdam 0
TOP OF THE 2ND
New Orleans Voodoo batting - Pitching for New Amsterdam Dutchmen : RHP Luis Hernández
Batting: RHB Orlando Velásquez 0-0: Swinging Strike
0-1: Foul Ball, location: 2F
0-2: Strikes out swinging, 2-3 out at first.
Batting: RHB Tony Ayala 0-0: Reached on error, E4 (Groundball, 4)
Batting: RHB Noah Bushby 0-0: Ball
1-0: Ground out 5-3 (Groundball, 5)
Batting: RHB Colm Goodwill 0-0: Foul Ball, location: 2F
0-1: Hit by Pitch
Batting: RHB Denis Higgins 0-0: Ball
1-0: Called Strike
1-1: Foul Ball, location: 2F
1-2: Fly out, F3 (Popup, 34)
Top of the 2nd over - 0 runs, 0 hits, 1 error, 2 left on base; New Orleans 0 - New Amsterdam 0
BOTTOM OF THE 2ND
New Amsterdam Dutchmen batting - Pitching for New Orleans Voodoo : RHP Rémi Ribeiro
Batting: RHB Kyu-cheol Kye 0-0: Called Strike
0-1: Ball
1-1: Fly out, F7 (Flyball, 7LS)
Batting: RHB António Martínez 0-0: Foul Ball, location: 2F
0-1: Foul Ball, location: 2F
0-2: Ball
1-2: SINGLE (Line Drive, 89S)
Batting: LHB Ángel Ríos 0-0: Ball
1-0: Called Strike
1-1: Ball
2-1: Foul Ball, location: 2F
2-2: Ball
António Martínez steals 2nd base
3-2: Fly out, F5 (Line Drive, 5)
Batting: LHB Takayuki Yoshikawa 0-0: Called Strike
0-1: Ball
1-1: Ball
2-1: SINGLE (Groundball, 4S) (infield hit)
António Martínez to third
Batting: RHB Heherson Inaris 0-0: Ball
1-0: Ball
2-0: Called Strike
2-1: Swinging Strike
2-2: Strikes out swinging
Bottom of the 2nd over - 0 runs, 2 hits, 0 errors, 2 left on base; New Orleans 0 - New Amsterdam 0
TOP OF THE 3RD
New Orleans Voodoo batting - Pitching for New Amsterdam Dutchmen : RHP Luis Hernández
Batting: RHB Griffin Woodfinlevine 0-0: Ground out 5-3 (Groundball, 56S)
Batting: LHB Chris McKinney 0-0: Swinging Strike
0-1: Ball
1-1: Ball
2-1: Called Strike
2-2: Ball
3-2: Foul Ball, location: 2F
3-2: Ground out U3 (Groundball, 34S)
Batting: RHB Gilberto Juárez 0-0: Called Strike
0-1: Ground out U3 (Groundball, 3S)
Top of the 3rd over - 0 runs, 0 hits, 0 errors, 0 left on base; New Orleans 0 - New Amsterdam 0
BOTTOM OF THE 3RD
New Amsterdam Dutchmen batting - Pitching for New Orleans Voodoo : RHP Rémi Ribeiro
Batting: RHB Ricardo Pulido 0-0: Called Strike
0-1: Ball
1-1: Ball
2-1: Foul Ball, location: 2F
2-2: Strikes out swinging, 2-3 out at first.
Batting: LHB Carlos Campos 0-0: Ground out 4-3 (Groundball, 4)
Batting: LHB SaQwan Hackett 0-0: Ground out 4-3 (Groundball, 4)
Bottom of the 3rd over - 0 runs, 0 hits, 0 errors, 0 left on base; New Orleans 0 - New Amsterdam 0
TOP OF THE 4TH
New Orleans Voodoo batting - Pitching for New Amsterdam Dutchmen : RHP Luis Hernández
Batting: RHB Eikki Kankaanperä 0-0: Ball
1-0: Ground out 5-3 (Groundball, 56S)
Batting: RHB Orlando Velásquez 0-0: Ball
1-0: Ball
2-0: Ball
3-0: Base on Balls
Batting: RHB Tony Ayala 0-0: Ball
1-0: Ball
2-0: Foul Ball, location: 2F
2-1: Grounds into double play, 4-6-3 (Groundball, 4)
Top of the 4th over - 0 runs, 0 hits, 0 errors, 0 left on base; New Orleans 0 - New Amsterdam 0
BOTTOM OF THE 4TH
New Amsterdam Dutchmen batting - Pitching for New Orleans Voodoo : RHP Rémi Ribeiro
Batting: LHB Divine Diablo 0-0: Called Strike
0-1: Foul Ball, location: 2F
0-2: SINGLE (Line Drive, 9S)
Batting: RHB Kyu-cheol Kye 0-0: Foul Ball, location: 2F
0-1: Ball
1-1: Foul Ball, location: 2F
1-2: Fielders Choice at 2nd, 6-4 (Groundball, 56)
Batting: RHB António Martínez 0-0: Swinging Strike
0-1: Called Strike
0-2: Ball
Kyu-cheol Kye steals 2nd base
1-2: Ball
2-2: Ball
3-2: Ground out 6-3 (Groundball, 6)
Kyu-cheol Kye to third
Batting: LHB Ángel Ríos 0-0: Ball
1-0: Ground out U3 (Groundball, 34D)
Bottom of the 4th over - 0 runs, 1 hit, 0 errors, 1 left on base; New Orleans 0 - New Amsterdam 0
TOP OF THE 5TH
New Orleans Voodoo batting - Pitching for New Amsterdam Dutchmen : RHP Luis Hernández
Batting: RHB Noah Bushby 0-0: Foul Ball, location: 2F
0-1: Fly out, F7 (Flyball, 7D)
Batting: RHB Colm Goodwill 0-0: Swinging Strike
0-1: Foul Ball, location: 2F
0-2: Ball
1-2: Foul Ball, location: 2F
1-2: Ball
2-2: Foul Ball, location: 2F
2-2: Ball
3-2: Foul Ball, location: 2F
3-2: Base on Balls
Batting: RHB Denis Higgins 0-0: Ball
1-0: Ground out 4-3 (Groundball, 34)
Colm Goodwill to second
Batting: RHB Griffin Woodfinlevine 0-0: Foul Ball, location: 2F
0-1: Ground out 4-3 (Groundball, 4M)
Top of the 5th over - 0 runs, 0 hits, 0 errors, 1 left on base; New Orleans 0 - New Amsterdam 0
BOTTOM OF THE 5TH
New Amsterdam Dutchmen batting - Pitching for New Orleans Voodoo : RHP Rémi Ribeiro
Batting: LHB Takayuki Yoshikawa 0-0: Ball
1-0: SINGLE (Flyball, 78M)
Batting: RHB Heherson Inaris 0-0: Ball
Takayuki Yoshikawa steals 2nd base
1-0: Swinging Strike
1-1: Ground out 3-1 (Groundball, 34)
Takayuki Yoshikawa to third
Batting: RHB Ricardo Pulido 0-0: Ball
1-0: Called Strike
1-1: Ground out 4-3 (Groundball, 4)
Takayuki Yoshikawa scores
Batting: LHB Carlos Campos 0-0: Ball
1-0: Called Strike
1-1: Swinging Strike
1-2: Ground out U3 (Groundball, 34)
Bottom of the 5th over - 1 run, 1 hit, 0 errors, 0 left on base; New Orleans 0 - New Amsterdam 1
TOP OF THE 6TH
New Orleans Voodoo batting - Pitching for New Amsterdam Dutchmen : RHP Luis Hernández
Batting: LHB Chris McKinney 0-0: Called Strike
0-1: Ball
1-1: Called Strike
1-2: Strikes out looking
Batting: RHB Gilberto Juárez 0-0: Called Strike
0-1: Fly out, F7 (Flyball, 7LM)
Batting: RHB Eikki Kankaanperä 0-0: SINGLE (Groundball, 6MD)
Batting: RHB Orlando Velásquez 0-0: Ball
1-0: Ball
Eikki Kankaanperä steals 2nd base
2-0: Called Strike
2-1: Ball
3-1: Called Strike
3-2: Strikes out swinging
Top of the 6th over - 0 runs, 1 hit, 0 errors, 1 left on base; New Orleans 0 - New Amsterdam 1
BOTTOM OF THE 6TH
New Amsterdam Dutchmen batting - Pitching for New Orleans Voodoo : RHP Rémi Ribeiro
Batting: LHB SaQwan Hackett 0-0: Ball
1-0: Called Strike
1-1: Ground out U3 (Groundball, 3)
Batting: LHB Divine Diablo 0-0: Called Strike
0-1: Foul Ball, location: 2F
0-2: Strikes out swinging
Batting: RHB Kyu-cheol Kye 0-0: Ball
1-0: SOLO HOME RUN (Flyball, 7LD), Distance : 358 ft
Batting: RHB António Martínez 0-0: Ball
1-0: Ball
2-0: Ball
3-0: Called Strike
3-1: Called Strike
3-2: SINGLE (Groundball, 4MD)
Batting: LHB Ángel Ríos 0-0: Ball
1-0: Fly out, F7 (Flyball, 7LM)
Bottom of the 6th over - 1 run, 2 hits, 0 errors, 1 left on base; New Orleans 0 - New Amsterdam 2
TOP OF THE 7TH
New Orleans Voodoo batting - Pitching for New Amsterdam Dutchmen : RHP Luis Hernández
Batting: RHB Tony Ayala 0-0: Ball
1-0: Ball
2-0: Ball
3-0: Base on Balls
Batting: RHB Noah Bushby 0-0: Ball
1-0: Foul Ball, location: 2F
1-1: Fly out, F7 (Flyball, 7S)
Batting: RHB Colm Goodwill 0-0: Called Strike
0-1: Ball
1-1: Ball
2-1: Ball
3-1: Fly out, F8 (Flyball, 89S)
Batting: RHB Denis Higgins 0-0: Called Strike
0-1: Foul Ball, location: 2F
0-2: SINGLE (Line Drive, 56D)
Tony Ayala to second
Batting: RHB Griffin Woodfinlevine 0-0: Called Strike
0-1: Ball
1-1: Called Strike
1-2: Ball
2-2: Fielders Choice at 2nd, 6-4 (Groundball, 6)
Top of the 7th over - 0 runs, 1 hit, 0 errors, 2 left on base; New Orleans 0 - New Amsterdam 2
BOTTOM OF THE 7TH
New Amsterdam Dutchmen batting - Pitching for New Orleans Voodoo : RHP Rémi Ribeiro
Batting: LHB Takayuki Yoshikawa 0-0: Foul Ball, location: 2F
0-1: Ground out 6-3 (Groundball, 6)
Batting: RHB Heherson Inaris 0-0: Ball
1-0: Called Strike
1-1: Called Strike
1-2: Ball
2-2: Ball
3-2: Base on Balls
Batting: RHB Ricardo Pulido 0-0: Foul Ball, location: 2F
Pickoff Throw to First - Out!
0-1: Ball
1-1: Fly out, F5 (Line Drive, 56D)
Bottom of the 7th over - 0 runs, 0 hits, 0 errors, 0 left on base; New Orleans 0 - New Amsterdam 2
TOP OF THE 8TH
New Orleans Voodoo batting - Pitching for New Amsterdam Dutchmen : RHP Luis Hernández
Batting: LHB Chris McKinney 0-0: Ball
1-0: Ball
2-0: Ball
3-0: Fly out, F9 (Flyball, 9)
Batting: RHB Gilberto Juárez 0-0: Called Strike
0-1: Ball
1-1: Fly out, F4 (Popup, 13S)
Batting: RHB Eikki Kankaanperä 0-0: Ball
1-0: Called Strike
1-1: Ball
2-1: Foul Ball, location: 2F
2-2: Ball
3-2: Fly out, F9 (Flyball, 9LSF)
Top of the 8th over - 0 runs, 0 hits, 0 errors, 0 left on base; New Orleans 0 - New Amsterdam 2
BOTTOM OF THE 8TH
New Amsterdam Dutchmen batting - Pitching for New Orleans Voodoo : RHP Rémi Ribeiro
Batting: LHB Carlos Campos 0-0: Ball
1-0: Ball
2-0: Ground out 4-3 (Groundball, 4)
Pitching: RHP Grover Lowdermilk
Batting: LHB SaQwan Hackett 0-0: Foul Ball, location: 2F
0-1: SINGLE (Groundball, 3D)
Batting: LHB Divine Diablo 0-0: Ball
1-0: Called Strike
1-1: Called Strike
1-2: Ball
2-2: Fly out, F3 (Line Drive, 34)
Batting: RHB Kyu-cheol Kye 0-0: Swinging Strike
0-1: Called Strike
0-2: Foul Ball, location: 2F
0-2: Fielders Choice at 2nd, 6-4 (Groundball, 56)
Bottom of the 8th over - 0 runs, 1 hit, 0 errors, 1 left on base; New Orleans 0 - New Amsterdam 2
TOP OF THE 9TH
New Orleans Voodoo batting - Pitching for New Amsterdam Dutchmen : RHP Luis Hernández
Batting: RHB Orlando Velásquez 0-0: Ground out 6-3 (Groundball, 6)
Batting: RHB Tony Ayala 0-0: Ground out 4-3 (Groundball, 4)
Batting: RHB Noah Bushby 0-0: Swinging Strike
0-1: Ball
1-1: Called Strike
1-2: Fly out, F8 (Flyball, 8RXD)
Top of the 9th over - 0 runs, 0 hits, 0 errors, 0 left on base; New Orleans 0 - New Amsterdam 2
Friday, March 29th, 2019 - OOTP Baseball 18.8 Build 76